 Dungeon Crawl Stone Soup version 0.29.1-13-g9f3cf754e1 (webtiles) character file.

Game seed: 11916958432742084788

1733 wolfrpgdude the Covered (level 9, -1/67 HPs)
             Began as a Human Fighter on Feb 4, 2023.
             Slain by an unseen horror (4 damage)
             ... on level 6 of the Dungeon.
             The game lasted 00:17:44 (6912 turns).

wolfrpgdude the Covered (Human Fighter)             Turns: 6912, Time: 00:17:45

Health: -1/67      AC: 10    Str: 24    XL:     9   Next: 25%
Magic:  9/9        EV: 10    Int:  6    God:
Gold:   201        SH:  5    Dex: 12    Spells: 8/8 levels left

rFire   . . .      SeeInvis .   t - +0 mace (holy)
rCold   . . .      Faith    .   c - +0 buckler
rNeg    . . .      Spirit   .   b - +0 scale mail
rPois   .          Reflect  .   (no helmet)
rElec   .          Harm     .   (no cloak)
rCorr   .          Rampage  .   o - +0 pair of gloves
Will    +....                   q - +0 pair of boots
Stlth   ..........              (no amulet)
HPRegen 0.21/turn               g - ring of willpower
MPRegen 0.11/turn               h - +4 ring of slaying

@: studying Ice Magic
A: dopey 1, strong 1
a: no special abilities


You were on level 6 of the Dungeon.
You visited 1 branch of the dungeon, and saw 6 of its levels.

You collected 201 gold pieces.

Inventory:

Hand Weapons
 a - a +0 long sword
 s - a +0 morningstar
 t - a +0 mace of holy wrath (weapon)
Missiles
 j - a throwing net (quivered)
Armour
 b - a +0 scale mail (worn)
 c - a +0 buckler (worn)
 o - a +0 pair of gloves (worn)
 q - a +0 pair of boots (worn)
Jewellery
 f - a ring of magical power
 g - a ring of willpower (left hand)
 h - a +4 ring of slaying (right hand)
Wands
 m - a wand of flame (19)
Scrolls
 w - a scroll of magic mapping
 x - a scroll of poison
Potions
 d - 4 potions of might
 i - 2 potions of haste {unknown}
 k - 2 potions of attraction {unknown}
 l - a potion of flight {unknown}
 p - a potion of ambrosia {unknown}
 u - 2 potions of lignification {unknown}
 z - a potion of invisibility {unknown}


   Skills:
 + Level 4.8 Fighting
 + Level 5.3 Long Blades
 + Level 4.7 Maces & Flails
 + Level 6.5 Armour
 + Level 2.6 Dodging
 + Level 1.5 Stealth
 + Level 4.3 Shields
 + Level 2.1 Evocations


You had 8 spell levels left.
You didn't know any spells.
Your spell library contained the following spells:

 Spells                   Type           Power      Damage    Failure   Level
 Freeze                   Ice            0%         1d3       82%         1
 Frozen Ramparts          Ice            0%         1d1       99%         3
 Hailstorm                Conj/Ice       0%         3d3       100%        4


Dungeon Overview and Level Annotations

Branches:
Dungeon (6/15)
 Temple: D:4-7

Altars:
Cheibriados

Shops:
D:5 (


Innate Abilities, Weirdness & Mutations

You are dopey. (Int -2)
Your muscles are strong. (Str +4, Int/Dex -1)


Message History

An orc comes into view. It is wielding a +0 flail.
You close the door.
Something unseen opens the door.
As you close the door, it creaks loudly!
You hear a shout! x3
Something unseen opens the door.
The orc shouts! x2
An orc warrior comes into view. It is wielding a +0 battleaxe.
The orc warrior shouts!
The orc warrior moves out of view.
You open the door.
There is an open door here.
Something hits you but does no damage. Something hits you but does no damage.
Something hits you but does no damage.
The orc warrior throws a stone.
The stone misses you. Something hits you.
* * * LOW HITPOINT WARNING * * *
The orc warrior throws a stone.
The stone hits you but does no damage. You block something's attack.
You feel better. Something hits you!
* * * LOW HITPOINT WARNING * * *
You sock the orc!
You kill the orc!
The orc warrior closely misses you. Something hits you but does no damage.
You closely miss the orc warrior. Something hits you but does no damage.
The orc warrior barely misses you. You block something's attack.
The orc warrior closely misses you. You block the orc's attack.
You hit the orc warrior but do no damage.
Something hits you!
* * * LOW HITPOINT WARNING * * *
You block the orc's attack.
You closely miss the orc warrior. Something hits you but does no damage.
The orc barely misses you. The orc warrior closely misses you.
You closely miss the orc warrior. Something hits you but does no damage.
Something hits you.
* * * LOW HITPOINT WARNING * * *
The orc barely misses you. The orc hits you but does no damage.
The orc warrior barely misses you.
You closely miss the orc warrior. Something hits you.
You die...

............#...#...
#...........รท..###....
#.....................
#..........{....#...##
#........####'########
#........#......# #.
#........#......# #.
#...{oo..'......# #.
#....@o..######## ##
##########


You could see an orc warrior and 2 orcs.

Vanquished Creatures
  Prince Ribbit (D:5)
  Grinder (D:3)
  2 water moccasins
  A black bear (D:6)
  2 centaurs
  Blork the orc (D:5)
  A kobold brigand (D:6)
  A necrophage (D:6)
  2 scorpions (D:5)
  2 orc priests (D:4)
  4 hounds
  4 jellies
  Jessica (D:2)
  2 iguanas
  An orc wizard (D:4)
  2 hound zombies (D:2)
  A hound skeleton (D:2)
  5 adders
  A shadow imp (D:5)
  2 ufetubi
  An adder zombie (D:2)
  An adder skeleton (D:2)
  2 worms
  A dart slug (D:2)
  15 orcs
  6 ball pythons
  3 bats
  2 bat skeletons (D:2)
  2 bat zombies (D:2)
  3 endoplasms
  3 giant cockroaches
  6 goblins
  6 hobgoblins
  10 kobolds
  5 quokkas
  2 ball python skeletons (D:2)
  A giant cockroach zombie (D:2)
  A quokka zombie (D:2)
  5 rats
112 creatures vanquished.

Notes
Turn   | Place    | Note
-------+----------+-------------------------------------------
     0 | D:1      | wolfrpgdude the Human Fighter began the quest for the Orb.
     0 | D:1      | Reached XP level 1. HP: 18/18 MP: 1/1
   215 | D:1      | Reached XP level 2. HP: 24/24 MP: 2/2
   222 | D:1      | Found a faded altar of an unknown god.
  1024 | D:2      | Reached XP level 3. HP: 28/29 MP: 3/3
  1138 | D:2      | Reached XP level 4. HP: 29/35 MP: 4/4
  1463 | D:2      | Reached XP level 5. HP: 39/41 MP: 5/5
  1531 | D:2      | Noticed Jessica
  1539 | D:2      | Killed Jessica
  1540 | D:2      | Reached skill level 4 in Armour
  1894 | D:3      | Noticed Grinder
  1898 | D:3      | Paralysed by Grinder for 3 turns
  1922 | D:3      | Killed Grinder
  1923 | D:3      | Reached skill level 1 in Dodging
  1923 | D:3      | Reached XP level 6. HP: 15/48 MP: 6/6
  2126 | D:3      | Found a snail-covered altar of Cheibriados.
  2367 | D:3      | Reached XP level 7. HP: 53/53 MP: 7/7
  2892 | D:4      | Identified the +3 ring mail of Divine Compulsion {rPois
                  | Slay-6 SInv Stlth+}
  3221 | D:4      | Reached skill level 5 in Long Blades
  3503 | D:4      | Noticed a water moccasin
  3514 | D:4      | HP: 2/53 [poisoned by a water moccasin]
  3804 | D:4      | Killed a water moccasin
  3806 | D:4      | Gained mutation: You are dopey. (Int -2) [potion of
                  | mutation]
  3806 | D:4      | Gained mutation: Your muscles are strong. (Str +4, Int/Dex
                  | -1) [potion of mutation]
  3811 | D:4      | Reached skill level 1 in Maces & Flails
  4201 | D:4      | Reached skill level 1 in Stealth
  4215 | D:4      | Reached skill level 5 in Armour
  4565 | D:5      | Entered Level 5 of the Dungeon
  4591 | D:5      | Reached XP level 8. HP: 48/60 MP: 8/8
  4668 | D:5      | Noticed Blork the orc
  4677 | D:5      | Killed Blork the orc
  5172 | D:5      | Reached skill level 1 in Evocations
  5245 | D:5      | Found Penicval's Antique Weapon Boutique.
  5475 | D:5      | Noticed Prince Ribbit
  5495 | D:5      | Killed Prince Ribbit
  6169 | D:6      | Reached skill level 6 in Armour
  6169 | D:6      | Reached XP level 9. HP: 62/66 MP: 9/9
  6849 | D:6      | HP: 3/67 [something (5)]
  6911 | D:6      | HP: 3/67 [something (1)]
  6912 | D:6      | Slain by an unseen horror

Illustrated notes

Levels and vault maps discovered:
D:1:      saegor_arrival_simple_c, layout_basic, shapermc_ecumenical_altar_gd
D:2:      layout_basic, serial_undead, serial_undead_d, serial_undead_d,
          serial_undead_c, serial_undead_a, serial_undead_a, uniq_jessica
D:3:      layout_basic, lemuel_doored_altar, kennysheep_pointless_box,
          uniq_grinder
D:4:      layout_gridville
D:5:      layout_loops_ring, serial_shops, nicolae_lakefront_shop,
          uniq_prince_ribbit1, uniq_blork_the_orc
D:6:      layout_gridville, minmay_temple_entry_ruins, serial_shops,
          nicolae_shop_crystal, minmay_manual_mail

Skill      XL: |  1  2  3  4  5  6  7  8  9 |
---------------+----------------------------+-----
Long Blades    | 3 4 5 |  5.3
Armour         | 4 5 6 |  6.5
Dodging        | 1 2 |  2.6
Maces & Flails | 1 4 |  4.7
Fighting       | 4 |  4.8
Stealth        | 1 |  1.5
Shields        | 4 |  4.3
Evocations     | 1 2 |  2.1

Action                   |  1- 3 |  4- 6 |  7- 9 || total
-------------------------+-------+-------+-------++-------
Melee: Long sword        |    52 |    99 |    41 ||   192
       Mace              |       |       |   176 ||   176
Evoke: Wand              |       |       |    28 ||    28
  Use: Scroll            |     2 |     2 |     9 ||    13
       Potion            |       |     1 |     5 ||     6
Armor: Scale mail        |    33 |    47 |   165 ||   245
Dodge: Dodged            |    21 |    44 |   144 ||   209
Block: Buckler           |    16 |    19 |    72 ||   107
